[Event "Early-Titled-Tuesday-Blitz-May-28-2024"]
[Site "Chess.com"]
[Date "2024.05.28"]
[Round "8"]
[White "missponyo10"]
[Black "stepanosinovsky"]
[Result "1-0"]
[WhiteElo "2237"]
[BlackElo "2337"]
[TimeControl "180+1"]
[EndTime "9:29:28 PDT"]
[Termination "missponyo10 won on time"]

1. e4 e5 2. Nf3 Nc6 3. Bb5 a6 4. Bxc6 dxc6 5. O-O f6 6. d4 exd4 7. Nxd4 c5 8. Ne2 Qxd1 9. Rxd1 Bd7 10. Bf4 O-O-O 11.
Nbc3 Ne7 12. Bg3 h5 13. h3 g5 14. a4 Bg7 15. Rd2 f5 16. exf5 Bxf5 17. Rad1 Rxd2 18. Rxd2 Rd8 19. Rxd8+ Kxd8 20. f3 Bxc2 21. Bf2 b6 22.
Ng3 Bg6 23. Kf1 Kd7 24. Ke2 Nf5 25. Nge4 Nd4+ 26. Kd3 Kc6 27. Be3 g4 28. hxg4 hxg4 29. fxg4 b5 30. axb5+ axb5 31. Bxd4 cxd4 32. Ne2 Kd5 33.
Nf4+ Ke5 34. Nxg6+ Ke6 35. Nh4 1-0

[Event "Early-Titled-Tuesday-Blitz-May-28-2024"]
[Site "Chess.com"]
[Date "2024.05.28"]
[Round "8"]
[White "Veleamater"]
[Black "Connectedcloud"]
[Result "1-0"]
[WhiteElo "2439"]
[BlackElo "2211"]
[TimeControl "180+1"]
[EndTime "9:29:30 PDT"]
[Termination "Veleamater won by resignation"]

1. g3 d5 2. Bg2 Nf6 3. d3 c6 4.
Nf3 Bf5 5. O-O e6 6. h3 Nbd7 7.
Nc3 Be7 8. Nd4 Bg6 9. a4 O-O 10. Kh2 e5 11. Nb3 a5 12. e4 dxe4 13. dxe4 Qc7 14.
f4 h6 15. f5 Bh7 16. g4 Rfd8 17. Qe2 Nc5 18. Be3 Nxb3 19. cxb3 Nd7 20. Rac1 Nc5 21. Qc4 Nd3 22. Nd5 Rxd5 23. exd5 Nxc1 24. Rxc1 Rc8 25.
Be4 Qd7 26. Kg2 h5 27. Kf3 hxg4+ 28. hxg4 g6 29. dxc6 Qd6 30. fxg6 Bxg6 31. Bxg6 Qxg6 32. cxb7 Rd8 33. Qe4 Qf6+ 34. Ke2 Qe6 35. Rc7 Bf8 36. Kf3 Qxb3 37. Rc8 Qd1+ 38. Kf2 Qd6 39. Rxd8 Qxd8 40. Qxe5 Qh4+ 41. Kf3 Qh3+ 42. Kf2 Qh4+ 43. Qg3 Qf6+ 44. Kg1 Bd6 45. b8=Q+ Bxb8 46. Qxb8+ Kh7 47. Qf4 1-0

[Event "Early-Titled-Tuesday-Blitz-May-28-2024"]
[Site "Chess.com"]
[Date "2024.05.28"]
[Round "8"]
[White "GoltsevDmitry2000"]
[Black "manitodeplomo"]
[Result "1-0"]
[WhiteElo "2750"]
[BlackElo "2561"]
[TimeControl "180+1"]
[EndTime "9:29:34 PDT"]
[Termination "GoltsevDmitry2000 won by checkmate"]

1. e4 Nf6 2. e5 Nd5 3. Nc3 Nb6 4. d4 d6 5. Nf3 Bf5 6. Bg5 h6 7. Bh4 c6 8. Bd3 Qc8 9. O-O Bxd3 10. Qxd3 dxe5 11.
Nxe5 N8d7 12. Ng6 fxg6 13. Qxg6+ Kd8 14. Rfe1 Nf6 15. Bxf6 gxf6 16. Ne4 Nd7 17. Nc5 Nxc5 18. dxc5 b6 19. Qf7 Kc7 20. Rad1 bxc5 21. b4 cxb4 22.
Rxe7+ Bxe7 23. Qxe7+ Kb8 24. Rd7 Qa6 25. Qd6+ Kc8 26.
Qc7# 1-0

[Event "Early-Titled-Tuesday-Blitz-May-28-2024"]
[Site "Chess.com"]
[Date "2024.05.28"]
[Round "8"]
[White "Likvidator228"]
[Black "Louis-Paulsen-Fan"]
[Result "0-1"]
[WhiteElo "2518"]
[BlackElo "2334"]
[TimeControl "180+1"]
[EndTime "9:29:34 PDT"]
[Termination "Louis-Paulsen-Fan won by resignation"]

1. b3 d5 2. Bb2 Bg4 3. g3 c6 4. Bg2 Nd7 5. Nf3 Ngf6 6. O-O e6 7. c4 Bd6 8. d3 O-O 9. Nbd2 e5 10. Qc2 Re8 11. Rfe1 e4 12. Nd4 e3 13. fxe3 Rxe3 14. Nf1 Re8 15. a3 Rc8 16. b4 a6 17. c5 Bb8 18. Nb3 Ne5 19. Na5 Qd7 20. Qd2 h5 21. Ne3 Bh3 22. Rf1 Bxg2 23. Kxg2 Neg4 24. Nxg4 Nxg4 25. Rf3 Be5 26. Bxe5 Rxe5 27. h3 Rce8 28. Re1 Ne3+ 29. Kh2 h4 30. gxh4 Qe7 31. Rf4 g5 32. hxg5 Rxg5 33. Kh1 Qe5 34. Rf3 Kf8 35. Rg1 Rxg1+ 36.
Kxg1 Qg5+ 37. Kf2 Qg2+ 38. Ke1 Qg1+ 0-1

[Event "Early-Titled-Tuesday-Blitz-May-28-2024"]
[Site "Chess.com"]
[Date "2024.05.28"]
[Round "8"]
[White "talaicito"]
[Black "Massakru"]
[Result "0-1"]
[WhiteElo "2249"]
[BlackElo "2373"]
[TimeControl "180+1"]
[EndTime "9:29:34 PDT"]
[Termination "Massakru won on time"]

1. d4 Nf6 2. Nc3 d5 3. Bf4 a6 4.
e3 e6 5. Nf3 b5 6. Bd3 Nbd7 7.
O-O c5 8. dxc5 Nxc5 9. Ne5 Nxd3 10. cxd3 Bb7 11. Qb3 Bd6 12. a4 b4 13. a5 O-O 14.
Na4 Qxa5 15. d4 Rac8 16. Nc5 Qb5 17. Nxb7 Qxb7 18. Ra5 Ne4 19. Rfa1 g5 20. Bg3 Rc7 21. f3 Nd2 22. Qd3 Nc4 23. Nxc4 dxc4 24. Rxg5+ Kh8 25. Qc2 b3 26. Qd2 Bb4 27. Qd1 Rcc8 28. Rh5 c3 0-1

[Event "Early-Titled-Tuesday-Blitz-May-28-2024"]
[Site "Chess.com"]
[Date "2024.05.28"]
[Round "8"]
[White "Aswathchess"]
[Black "Rsnr"]
[Result "1-0"]
[WhiteElo "2742"]
[BlackElo "2889"]
[TimeControl "180+1"]
[EndTime "9:29:35 PDT"]
[Termination "Aswathchess won by resignation"]

1. c4 c6 2. Nf3 d5 3. g3 Nf6 4. Bg2 g6 5. O-O Bg7 6. b3 Ne4 7. d4 O-O 8. Bb2 a5 9. Nc3 Bf5 10. Ne5 Nxc3 11. Bxc3 Bxe5 12. dxe5 dxc4 13. bxc4 Be6 14.
Qb3 b5 15. Rfd1 Qc7 16. Bd4 Bxc4 17. Qe3 Be6 18. a4 b4 19. Rac1 Ra6 20. h4 Nd7 21. h5 Rc8 22. Qd3 Rca8 23. hxg6 hxg6 24. Qe3 Rb8 25.
Be4 Qc8 26. Kg2 Qf8 27. Bxc6 Rxc6 28. Rxc6 Bd5+ 29. f3 Bxc6 30. e6 Nf6 31. Bxf6 exf6 32. e7 Qe8 33. Rh1 g5 34. Qd3 f5 35. Qxf5 1-0

[Event "Early-Titled-Tuesday-Blitz-May-28-2024"]
[Site "Chess.com"]
[Date "2024.05.28"]
[Round "8"]
[White "GoValya"]
[Black "HighLawView"]
[Result "1-0"]
[WhiteElo "2227"]
[BlackElo "2059"]
[TimeControl "180+1"]
[EndTime "9:29:35 PDT"]
[Termination "GoValya won by resignation"]

1. d4 Nf6 2. g3 g6 3. Bg2 Bg7 4. c4 d6 5. Nc3 O-O 6. Nf3 Nbd7 7. d5 e5 8. dxe6 fxe6 9. O-O a6 10. Bg5 Qe8 11. Rc1 h6 12. Be3 Ng4 13. Bd2 Nge5 14.
b3 Qf7 15. Rb1 c6 16. Qc1 Kh7 17. h3 d5 18. cxd5 exd5 19. g4 Nxf3+ 20. Bxf3 Ne5 21. Bg2 h5 22. f4 Nd7 23. f5 Ne5 24. f6 Bh8 25. g5 Bf5 26. Rb2 Rae8 27. Bf4 Qe6 28.
Kh2 Nd7 29. Rd2 Nc5 30. Nxd5 cxd5 31. Bxd5 Qb6 32. Bg2 Ne4 33. Rc2 Rc8 34. Bxe4 Rxc2 35.
Qxc2 Rc8 36. Qd3 Rd8 37. Qf3 Bxe4 38. Qxe4 Qb5 39. Qe7+ 1-0

[Event "Early-Titled-Tuesday-Blitz-May-28-2024"]
[Site "Chess.com"]
[Date "2024.05.28"]
[Round "8"]
[White "andrzej"]
[Black "ozates"]
[Result "0-1"]
[WhiteElo "2489"]
[BlackElo "2631"]
[TimeControl "180+1"]
[EndTime "9:29:36 PDT"]
[Termination "ozates won by resignation"]

1. e4 e5 2. Nf3 Nc6 3. Bb5 g6 4. d4 exd4 5. Bg5 Be7 6. Bxe7 Qxe7 7. O-O Nf6 8. e5 Nd5 9. Re1 O-O 10. Nbd2 d6 11. Bxc6 bxc6 12. Nc4 Qd8 13. Qxd4 Be6 14. Rad1 Rb8 15. h4 Rb4 16. c3 Rxc4 17. Qxc4 Ne3 18. Qxc6 Nxd1 19. Rxd1 Qb8 20. b3 Bg4 21. exd6 cxd6 22.
Qxd6 Qc8 23. Ne5 Bxd1 24. Qxd1 Qxc3 25. Qd5 Qa1+ 26. Kh2 Qxa2 27. Ng4 Qb2 28. h5 gxh5 29. Qxh5 Qg7 30. Nh6+ Kh8 31. g3 Qg6 32. Qe5+ f6 33. Qf4 Qg5 34. Nf5 Qxf4 35. gxf4 Rb8 36. Nd4 Rb4 37. Nc6 Rxb3 38. Nxa7 Rf3 39. Kg2 Rxf4 40. Nc6 Kg7 41. Ne7 Kf7 42. Nd5 Rf5 43. Ne3 Rg5+ 44. Kf3 Kg6 45. Nf1 h5 46. Ng3 h4 47. Ne4 Rg1 48. Ke2 h3 49. Ng3 Rxg3 50. fxg3 h2 0-1

[Event "Early-Titled-Tuesday-Blitz-May-28-2024"]
[Site "Chess.com"]
[Date "2024.05.28"]
[Round "8"]
[White "Viacheslav92"]
[Black "wild3000"]
[Result "0-1"]
[WhiteElo "2526"]
[BlackElo "2382"]
[TimeControl "180+1"]
[EndTime "9:29:38 PDT"]
[Termination "wild3000 won by resignation"]

1. e4 c5 2. Nf3 Nc6 3. d4 cxd4 4. Nxd4 a6 5. c4 d6 6. Nc3 g6 7. Be2 Bg7 8. Be3 Nf6 9. f3 O-O 10. O-O Bd7 11. Qd2 Nxd4 12. Bxd4 Bc6 13. Rac1 Rc8 14. Rfd1 Nh5 15. Bxg7 Nxg7 16. Nd5 Ne6 17. f4 Bxd5 18. exd5 Qb6+ 19. Kh1 Ng7 20. Bg4 Rc7 21. b3 Qa7 22. Re1 b5 23. h4 bxc4 24. Rxc4 Rxc4 25. bxc4 Rb8 26. Qe3 Qxe3 27. Rxe3 Kf8 28. Rb3 Rxb3 29. axb3 a5 30. Kg1 h5 31. Bh3 e6 32. dxe6 fxe6 33.
Kf2 Ke7 34. Ke3 Nf5+ 35. Bxf5 gxf5 36. Kd4 Kd7 37. c5 d5 38. Ke5 Kc6 39. Kxe6 d4 40.
g4 d3 41. gxf5 d2 42. f6 d1=Q 43. f7 Qg4+ 44. Ke7 Qxh4+ 45. Ke8 Qxf4 46. f8=Q Qxf8+ 47. Kxf8 h4 0-1

[Event "Early-Titled-Tuesday-Blitz-May-28-2024"]
[Site "Chess.com"]
[Date "2024.05.28"]
[Round "8"]
[White "jk13"]
[Black "MatthewG-p4p"]
[Result "1-0"]
[WhiteElo "2678"]
[BlackElo "2861"]
[TimeControl "180+1"]
[EndTime "9:29:39 PDT"]
[Termination "jk13 won by resignation"]

1. e4 e6 2. d3 d5 3. Qe2 Nf6 4. Nf3 c5 5. g3 Nc6 6. Bg2 Be7 7. O-O O-O 8. e5 Nd7 9. c4 b5 10. cxb5 Na5 11. Nc3 a6 12. bxa6 Bxa6 13. Bf4 Nb6 14. h4 Qd7 15. Rac1 Rfb8 16. Rfd1 Na4 17. b3 Nxc3 18.
Rxc3 Nc6 19. h5 h6 20. g4 Qd8 21. Qd2 Nb4 22. d4 Bb7 23. a4 c4 24. g5 hxg5 25.
Bxg5 Bc6 26. h6 cxb3 27. hxg7 b2 28. Bxe7 Qxe7 29. Qh6 1-0

[Event "Early-Titled-Tuesday-Blitz-May-28-2024"]
[Site "Chess.com"]
[Date "2024.05.28"]
[Round "8"]
[White "HansOnTwitch"]
[Black "TigrVShlyape"]
[Result "1/2-1/2"]
[WhiteElo "3117"]
[BlackElo "2914"]
[TimeControl "180+1"]
[EndTime "9:29:41 PDT"]
[Termination "Game drawn by repetition"]

1. e4 c5 2. Nf3 e6 3. b3 a6 4. Bb2 b5 5. a4 b4 6. d3 Nc6 7. g3 d6 8. Bg2 e5 9. O-O Be7 10. Nfd2 Nf6 11. f4 h5 12. h3 Be6 13. Nc4 Bxc4 14. dxc4 h4 15. g4 exf4 16. Rxf4 Ne5 17. Nd2 Nfd7 18. Nf1 Bg5 19. Rf2 Qe7 20. Qe2 O-O 21.
Ne3 Bxe3 22. Qxe3 f6 23. Rd1 Rad8 24. Rfd2 Nb8 25. Qf2 g5 26. Rd5 Nbc6 27. Qd2 Rd7 28. Kh1 Rfd8 29. Bf1 a5 30. Qf2 Re8 31. Qf5 Qe6 32.
Bg2 Kg7 33. Kg1 Rdd8 34. Bxe5 Nxe5 35. Qxe6 Rxe6 36. Rxc5 dxc5 37. Rxd8 Kf7 38. Ra8 Rd6 39.
Rxa5 Rd1+ 40. Kf2 Rd2+ 41. Kf1 Rxc2 42. Rxc5 Rc1+ 43. Ke2 Rc2+ 44. Kf1 Rc1+ 45. Ke2 Rc2+ 46. Kf1 1/2-1/2

[Event "Early-Titled-Tuesday-Blitz-May-28-2024"]
[Site "Chess.com"]
[Date "2024.05.28"]
[Round "8"]
[White "AryanTari"]
[Black "JaloliddinIlkhomi"]
[Result "1-0"]
[WhiteElo "3043"]
[BlackElo "2789"]
[TimeControl "180+1"]
[EndTime "9:29:42 PDT"]
[Termination "AryanTari won on time"]

1. e4 e6 2. d4 d5 3. Nc3 Bb4 4. e5 c5 5. Bd2 Bxc3 6. Bxc3 b6 7.
h4 Ne7 8. h5 h6 9. g4 Ba6 10. Bxa6 Nxa6 11. Qe2 Nc7 12. f4 Qd7 13. Nf3 O-O-O 14. O-O-O Kb8 15. Kb1 Nb5 16. Be1 Nxd4 17. Nxd4 cxd4 18. Bh4 Rc8 19. Bxe7 Qxe7 20. Rxd4 Rc7 21.
f5 Rhc8 22. c3 Rc4 23. Rhd1 Qg5 24. Qf3 R4c7 25. a3 Kb7 26. Ka2 Kb8 27. Re1 Kb7 28.
Rf4 Qe7 29. f6 gxf6 30. Rxf6 Qf8 31. Qf4 Qg7 32. Rf1 Rf8 33. Qxh6 Qxh6 34. Rxh6 Rg8 35. Rf4 Rc4 36. Rxf7+ Rc7 37. Rxc7+ Kxc7 38. Rg6 Re8 39.
h6 1-0

[Event "Early-Titled-Tuesday-Blitz-May-28-2024"]
[Site "Chess.com"]
[Date "2024.05.28"]
[Round "8"]
[White "RobertoJBM"]
[Black "Kotofeyca"]
[Result "1-0"]
[WhiteElo "2778"]
[BlackElo "2518"]
[TimeControl "180+1"]
[EndTime "9:29:43 PDT"]
[Termination "RobertoJBM won on time"]

1. d4 d5 2. Nf3 c6 3. e3 Nf6 4. Be2 Bg4 5. O-O e6 6. b3 Be7 7. Ba3 O-O 8. Qc1 Ne4 9. Re1 Nd7 10. c4 dxc4 11. Bxe7 Qxe7 12. Qxc4 Rac8 13. Nbd2 Nxd2 14.
Nxd2 Nb6 15. Qc5 Qxc5 16. dxc5 Bxe2 17. cxb6 Bh5 18. bxa7 Ra8 19. f3 Rxa7 20. Nc4 Rd8 21. Red1 Raa8 22. Nb6 Rab8 23. e4 e5 24. Nd7 Ra8 25.
Nxe5 Rxd1+ 26. Rxd1 f6 27. Nc4 Rxa2 28. Rd8+ Kf7 29.
Rd7+ Kf8 30. Rxb7 Bf7 31. Nd6 Be6 32. h4 Rb2 33. b4 h5 34. b5 cxb5 35. Nxb5 Bc4 36.
Nd6 Rxb7 37. Nxb7 Bb5 38. Kf2 Bc6 39. Nc5 Ke7 40. Ke3 g6 41. Nd3 Ke6 42. Nf4+ Kf7 43. g3 Bb5 44. Ne2 Ba4 45. Nc3 Bb3 46. Kf4 Bc4 47.
g4 hxg4 48. fxg4 Bb3 49. g5 fxg5+ 50. hxg5 Ke6 51. Ne2 Ba2 52. Nd4+ 1-0

[Event "Early-Titled-Tuesday-Blitz-May-28-2024"]
[Site "Chess.com"]
[Date "2024.05.28"]
[Round "8"]
[White "dropstoneDP"]
[Black "twofoxniel"]
[Result "1/2-1/2"]
[WhiteElo "2968"]
[BlackElo "2717"]
[TimeControl "180+1"]
[EndTime "9:29:45 PDT"]
[Termination "Game drawn by agreement"]

1. e4 d5 2. exd5 Nf6 3. d4 Bg4 4. Bb5+ Nbd7 5. Be2 Bxe2 6. Qxe2 Nxd5 7. Nf3 e6 8. O-O Be7 9. c4 N5f6 10. Nc3 O-O 11. Bf4 Re8 12. Rad1 c6 13. Rfe1 Nf8 14. Ne5 Ng6 15. Bg3 Qb6 16. a3 Rad8 17. c5 Qa5 18.
Nc4 Qa6 19. b4 Nd5 20. Nxd5 Rxd5 21. Bd6 Bf6 22. Na5 Qxe2 23. Rxe2 Bxd4 24. Red2 Bb2 25.
Rxd5 exd5 26. Nxb7 Bxa3 27. b5 cxb5 28. c6 Bxd6 29.
Nxd6 Ra8 30. Re1 Kf8 31. c7 Ne7 32. Nxb5 Nc8 33. Kf1 a5 34. Rd1 Nb6 35. Nc3 Rc8 36. Nxd5 Nxd5 37. Rxd5 Rxc7 38. Rxa5 g6 39. g3 1/2-1/2

[Event "Early-Titled-Tuesday-Blitz-May-28-2024"]
[Site "Chess.com"]
[Date "2024.05.28"]
[Round "8"]
[White "Polish_fighter3000"]
[Black "Zhigalko_Sergei"]
[Result "1-0"]
[WhiteElo "3105"]
[BlackElo "2895"]
[TimeControl "180+1"]
[EndTime "9:29:46 PDT"]
[Termination "Polish_fighter3000 won by checkmate"]

1. e4 c5 2. Nc3 Nc6 3. Bb5 Nd4 4. Bc4 e6 5. Nge2 Nf6 6. O-O a6 7. d3 b5 8. Bb3 Nxb3 9. axb3 b4 10. Na4 Bb7 11. Bg5 d6 12. Ng3 Be7 13. f4 h6 14.
Bh4 g6 15. Qe1 g5 16. fxg5 Ng4 17. g6 Bxh4 18. Rxf7 Be7 19. Qe2 Ne5 20. Rg7 Kd7 21. Nh5 Bc6 22. c3 Bb5 23. Qe3 bxc3 24. bxc3 Nxd3 25.
Rd1 Bxa4 26. Qxd3 Kc6 27. bxa4 Qb6 28. Rxe7 Rhf8 29. Qxd6# 1-0

[Event "Early-Titled-Tuesday-Blitz-May-28-2024"]
[Site "Chess.com"]
[Date "2024.05.28"]
[Round "8"]
[White "Yan_Dyomin2010"]
[Black "Gryffindorac8"]
[Result "0-1"]
[WhiteElo "2587"]
[BlackElo "2480"]
[TimeControl "180+1"]
[EndTime "9:29:48 PDT"]
[Termination "Gryffindorac8 won by resignation"]

1. e4 c5 2. Nf3 d6 3. d4 cxd4 4. Nxd4 Nf6 5. Nc3 a6 6. h3 e5 7.
Nf3 Be7 8. g4 h6 9. Rg1 Nbd7 10.
g5 hxg5 11. Nxg5 Nc5 12. Bc4 O-O 13. Be3 b5 14. Bd5 Nxd5 15. Nxd5 Ne6 16. Qh5 Nxg5 17. Nxe7+ Qxe7 18. Bxg5 f6 19. Bh6 Rf7 20. O-O-O Be6 21. Rg3 Qf8 22. Rdg1 Raa7 23. f4 exf4 24. Bxf4 d5 25.
exd5 Bc8 26. Rg6 Qc5 27. Qe2 Qxd5 28. Rd1 Qc6 29. Bh6 Rf8 30. Rdg1 Rff7 31. Qe3 Rae7 32. Qg3 Bf5 33. Qc3 Qxc3 34. bxc3 Bxg6 35. Rxg6 Kh7 0-1

[Event "Early-Titled-Tuesday-Blitz-May-28-2024"]
[Site "Chess.com"]
[Date "2024.05.28"]
[Round "8"]
[White "remyrushbrooke"]
[Black "Al_Shima"]
[Result "0-1"]
[WhiteElo "2284"]
[BlackElo "2487"]
[TimeControl "180+1"]
[EndTime "9:29:48 PDT"]
[Termination "Al_Shima won by resignation"]

1. d4 Nf6 2. Nc3 d5 3. Bg5 h6 4. Bxf6 gxf6 5. e3 c5 6. dxc5 e6 7. b4 Nc6 8. Bb5 Qc7 9. Nge2 a5 10. a3 Bd7 11. Bxc6 Bxc6 12. O-O b6 13. b5 Bd7 14.
c6 Bc8 15. Qd4 Bc5 16. Qxf6 Rg8 17. Nf4 Bd6 18. Rad1 Ra7 19. Kh1 Be5 20. Qxh6 Bxc3 21. Rd3 Be5 22. Rfd1 Qe7 23. Nh5 Kd8 24. f4 Rh8 25.
Rxd5+ exd5 26. Rxd5+ Kc7 27. Rxe5 Qxe5 28. fxe5 Rxh6 29.
Nf6 Rxf6 30. exf6 Bf5 31. h4 Ra8 32. g4 Bxg4 33. Kg2 Bf5 0-1

[Event "Early-Titled-Tuesday-Blitz-May-28-2024"]
[Site "Chess.com"]
[Date "2024.05.28"]
[Round "8"]
[White "Adar_07"]
[Black "rasmussvane"]
[Result "0-1"]
[WhiteElo "2769"]
[BlackElo "2950"]
[TimeControl "180+1"]
[EndTime "9:29:49 PDT"]
[Termination "rasmussvane won on time"]

1. e4 c6 2. d4 d5 3. Nc3 dxe4 4. Nxe4 Nf6 5. Nxf6+ exf6 6. Bc4 Bd6 7. Qe2+ Be7 8. Nf3 O-O 9. O-O Bd6 10. Re1 Bg4 11. Qe4 Bh5 12. Nh4 Qd7 13. Bf4 Bxf4 14. Qxf4 Bg6 15. Bb3 Na6 16. Qg3 Qxd4 17. Nxg6 hxg6 18.
Qxg6 Nc5 19. Qg3 Qxb2 20. Rab1 Qd4 21. Rbd1 Qb4 22. a3 Qb6 23. Ba2 Rad8 24. h4 Rxd1 25. Rxd1 Qb2 26. Bxf7+ Rxf7 27. Rd8+ Kh7 28. Qf3 Qa1+ 29.
Kh2 Qe5+ 30. g3 g6 0-1

[Event "Early-Titled-Tuesday-Blitz-May-28-2024"]
[Site "Chess.com"]
[Date "2024.05.28"]
[Round "8"]
[White "KononenkoD"]
[Black "guillembaches"]
[Result "1-0"]
[WhiteElo "2603"]
[BlackElo "2506"]
[TimeControl "180+1"]
[EndTime "9:29:49 PDT"]
[Termination "KononenkoD won on time"]

1. e4 c5 2. Nf3 d6 3. d4 cxd4 4. Nxd4 Nf6 5. Nc3 Nc6 6. Bc4 Bd7 7. Bb3 g6 8. f3 Nxd4 9. Qxd4 Bg7 10. Be3 O-O 11.
Qd2 b5 12. h4 a5 13. a4 bxa4 14. Nxa4 h5 15. Bh6 Bxa4 16. Rxa4 Qb6 17. g4 hxg4 18. h5 Nxh5 19. Bxg7 Kxg7 20. fxg4 Rh8 21. gxh5 Rxh5 22. Rxh5 Qg1+ 23. Ke2 gxh5 24. Qd4+ Qxd4 25. Rxd4 h4 26. Kf3 h3 27. Kg3 Rh8 28. Kh2 Rh4 29. Ra4 Kg6 30.
c3 e6 31. Rxa5 Rf4 32. Kxh3 Rf2 33. Ra2 Kg5 34. Kg3 Rd2 35. Kf3 Rd3+ 36. Ke2 Rh3 37. Bc2 Kf4 38. Ra7 Rh2+ 39. Kd3 Rh3+ 40. Kc4 f6 41.
Rf7 Ke5 42. b4 Rh2 43. Kb3 Re2 44. b5 1-0

[Event "Early-Titled-Tuesday-Blitz-May-28-2024"]
[Site "Chess.com"]
[Date "2024.05.28"]
[Round "8"]
[White "zverr1"]
[Black "maracayo"]
[Result "0-1"]
[WhiteElo "2595"]
[BlackElo "2393"]
[TimeControl "180+1"]
[EndTime "9:29:49 PDT"]
[Termination "maracayo won by resignation"]

1. e4 d6 2. d4 Nf6 3. Nc3 c6 4. a4 Qa5 5. Bd2 e5 6. Nf3 Nbd7 7. Bc4 exd4 8. Nd5 Qd8 9. Nxf6+ Qxf6 10. Bg5 Qg6 11. Qxd4 h6 12. Bf4 Qxg2 13. O-O-O Qxf3 14. Bxd6 Bxd6 15. Qxd6 Qf6 16. Qd2 O-O 17. f4 Nc5 18. Qe3 b6 19. e5 Qf5 20. b4 Qe4 21. Qc3 Nxa4 22. Qb3 b5 23. Bd3 Qxf4+ 24. Kb1 Be6 25. Qa3 a5 26. c3 axb4 27. cxb4 Qxe5 28. Rhe1 Nc3+ 29. Kc2 Qxe1 30. Qxa8 Qxd1+ 31. Kb2 Rxa8 0-1

[Event "Early-Titled-Tuesday-Blitz-May-28-2024"]
[Site "Chess.com"]
[Date "2024.05.28"]
[Round "8"]
[White "Kumi29"]
[Black "Narek_Ghimoyan"]
[Result "0-1"]
[WhiteElo "2566"]
[BlackElo "2451"]
[TimeControl "180+1"]
[EndTime "9:29:58 PDT"]
[Termination "Narek_Ghimoyan won by resignation"]

1. d4 Nf6 2. Bg5 e6 3. Nd2 d5 4.
e3 c5 5. c3 Nc6 6. Bd3 h6 7. Bh4 Be7 8. f4 g5 9. fxg5 Nd7 10.
Ngf3 hxg5 11. Bg3 g4 12. Ng1 f5 13. Ne2 Bh4 14. c4 cxd4 15. exd4 Nxd4 16. cxd5 Nxe2 17.
Kxe2 Nc5 18. Nb3 Qxd5 19. Nxc5 Qxg2+ 20. Ke3 Bg5+ 21. Kd4 Qd5+ 22. Kc3 Qxc5+ 23. Kb3 Bd7 24. Qg1 Be3 25. Qe1 Bc6 26. Qc3 Bd5+ 27. Kc2 Bxh1 28.
Rxh1 Qxc3+ 29. bxc3 f4 30. Be1 g3 31. Bb5+ Kf7 32.
Bf1 Rxh2+ 33. Rxh2 gxh2 34. Bg2 Rg8 35. Bxb7 Rg1 36.
Bd2 Bxd2 37. Kxd2 Ra1 0-1

[Event "Early-Titled-Tuesday-Blitz-May-28-2024"]
[Site "Chess.com"]
[Date "2024.05.28"]
[Round "8"]
[White "noblerone"]
[Black "KorolDimitriy75"]
[Result "1-0"]
[WhiteElo "2526"]
[BlackElo "2373"]
[TimeControl "180+1"]
[EndTime "9:29:58 PDT"]
[Termination "noblerone won on time"]

1. d4 Nf6 2. Nf3 g6 3. c4 c5 4.
d5 b5 5. cxb5 a6 6. bxa6 Bxa6 7.
Nc3 d6 8. e4 Bxf1 9. Kxf1 Bg7 10.
g3 O-O 11. h3 Nbd7 12. Kg2 Ra6 13. a4 Qa8 14. Re1 Rb8 15. Qc2 Rb4 16. Ra3 Nb6 17.
Bf4 Nc4 18. Ra2 Qb7 19. Rb1 Rb3 20. Nd2 Nxd2 21. Qxd2 Nd7 22. Ra3 Bxc3 23. Rxb3 Qxb3 24. Qxc3 Qxa4 25. Qf3 f6 26. Re1 Rb6 27. Qg4 Nf8 28. Qc8 Rxb2 29. h4 Rb4 30. Bh6 1-0

[Event "Early-Titled-Tuesday-Blitz-May-28-2024"]
[Site "Chess.com"]
[Date "2024.05.28"]
[Round "8"]
[White "Oleksandr_Bortnyk"]
[Black "DenLaz"]
[Result "0-1"]
[WhiteElo "3019"]
[BlackElo "3122"]
[TimeControl "180+1"]
[EndTime "9:30:01 PDT"]
[Termination "DenLaz won by resignation"]

1. e4 e5 2. Nf3 Nc6 3. Bb5 Nf6 4. Nc3 Nd4 5. Ba4 c6 6. d3 a5 7. a3 b5 8. Bb3 Nxb3 9. cxb3 d6 10. h3 Be7 11. Be3 O-O 12. O-O Be6 13. Ng5 Bd7 14.
f4 exf4 15. Bxf4 c5 16. a4 b4 17. Nb5 Bxb5 18. axb5 Rb8 19. Qe2 h6 20. Nf3 Qb6 21. e5 dxe5 22. Nxe5 c4+ 23. Kh1 cxd3 24. Qxd3 Qxb5 25.
Qxb5 Rxb5 26. Nc6 Bc5 27. Bxh6 Ne4 28. Bf4 Ra8 29. Rfe1 Nf2+ 30. Kh2 Nd3 31. Bg3 Nxe1 32. Rxe1 Bf8 33. Ra1 Ra6 34. Nb8 Rd6 35. Kh1 Rxb8 36. Bxd6 Bxd6 37. Rxa5 Rc8 38. g4 Rc2 39. Rd5 Bf8 40.
Rd3 Rxb2 41. h4 Rc2 42. h5 Rc3 43. Rd7 Rxb3 44. g5 Rh3+ 45. Kg2 Rxh5 46. g6 Rg5+ 0-1

[Event "Early-Titled-Tuesday-Blitz-May-28-2024"]
[Site "Chess.com"]
[Date "2024.05.28"]
[Round "8"]
[White "AnishOnYoutube"]
[Black "Meri-Arabidze"]
[Result "1-0"]
[WhiteElo "3021"]
[BlackElo "2687"]
[TimeControl "180+1"]
[EndTime "9:30:01 PDT"]
[Termination "AnishOnYoutube won on time"]

1. Nf3 d5 2. d4 Nf6 3. c4 e6 4. Nc3 Nbd7 5. cxd5 exd5 6. Bg5 c6 7. e3 Be7 8. Bd3 Nf8 9. Qc2 Ne6 10. Bxf6 Bxf6 11.
O-O g6 12. b4 a6 13. a4 O-O 14. Rab1 Re8 15. Rfc1 Bg7 16. Ne2 Ng5 17. Nxg5 Qxg5 18. b5 cxb5 19. axb5 a5 20. b6 Bd7 21. Qc7 Bc6 22.
Rxc6 Re7 23. Rcc1 Rxc7 24. bxc7 Qg4 25. Rxb7 Qc8 26. Ba6 Bf8 27. Ra7 Rxa7 28. Bxc8 Bd6 29. Bb7 Bxc7 30. Rxc7 Kg7 31. Nc3 a4 32. Nb5 Ra5 33.
Na3 Ra7 34. g4 g5 35. Kg2 h6 36. Kg3 1-0

[Event "Early-Titled-Tuesday-Blitz-May-28-2024"]
[Site "Chess.com"]
[Date "2024.05.28"]
[Round "8"]
[White "betta2004"]
[Black "jlf287"]
[Result "1-0"]
[WhiteElo "2602"]
[BlackElo "2500"]
[TimeControl "180+1"]
[EndTime "9:30:02 PDT"]
[Termination "betta2004 won on time"]

1. Nf3 Nf6 2. e3 b6 3. b3 Bb7 4. Bb2 g6 5. Be2 Bg7 6. d4 O-O 7. Nbd2 d6 8. c4 Nbd7 9. Qc2 Qe8 10. O-O-O e5 11. h4 e4 12. Ng5 h6 13. Nh3 Qe7 14.
g4 Nh7 15. Nf4 Rfe8 16. Kb1 a5 17. Rdg1 a4 18. b4 c5 19. bxc5 bxc5 20. d5 Bxb2 21. Qxb2 Rab8 22. Ka1 Bxd5 23. Nxd5 Qd8 24. Qc2 Qa5 25.
Nxe4 Rxe4 26. Qxe4 Qd2 27. Rb1 Rxb1+ 28. Rxb1 Qxe2 29. Qe8+ Nhf8 30. g5 Qxc4 31. Rd1 Qxh4 32. gxh6 Qxh6 33. Ne7+ Kg7 34. Rg1 Qh5 35. f4 a3 36. Kb1 Nf6 37. Qa8 Qh2 38. Nf5+ Kg8 39. Ne7+ Kg7 40. Qg2 Qh5 41. Rh1 1-0

[Event "Early-Titled-Tuesday-Blitz-May-28-2024"]
[Site "Chess.com"]
[Date "2024.05.28"]
[Round "8"]
[White "ailime26"]
[Black "Willi_Skibbe"]
[Result "0-1"]
[WhiteElo "2079"]
[BlackElo "2253"]
[TimeControl "180+1"]
[EndTime "9:30:03 PDT"]
[Termination "Willi_Skibbe won on time"]

1. Nf3 d5 2. b3 Bg4 3. g3 Nd7 4. Bg2 e6 5. O-O Ngf6 6. Bb2 Be7 7. d3 O-O 8. Nbd2 a5 9. c4 c6 10.
Rc1 a4 11. Rc2 axb3 12. axb3 Qb6 13. cxd5 exd5 14. Ne5 Nxe5 15. Bxe5 Rfe8 16. h3 Bh5 17. g4 Bg6 18. Qb1 Nd7 19. Bc3 Bc5 20. Qb2 Rxe2 21. Nf3 Bxf2+ 22. Kh2 Rxc2 23. Qxc2 Be3 24. Qb2 f6 25. g5 Bxd3 26. Rd1 Qc7+ 27. Kh1 Be4 28. gxf6 Qg3 29. Be1 Qf4 30. Qe2 Nxf6 31. Bc3 Nh5 32. Be1 Rf8 0-1

[Event "Early-Titled-Tuesday-Blitz-May-28-2024"]
[Site "Chess.com"]
[Date "2024.05.28"]
[Round "8"]
[White "Szachulec75"]
[Black "HanSchut"]
[Result "1-0"]
[WhiteElo "2191"]
[BlackElo "2325"]
[TimeControl "180+1"]
[EndTime "9:30:06 PDT"]
[Termination "Szachulec75 won by resignation"]

1. Nf3 Nf6 2. g3 g6 3. Bg2 Bg7 4. d3 O-O 5. O-O c5 6. e4 Nc6 7. Nc3 d5 8. exd5 Nxd5 9. Nxd5 Qxd5 10. Re1 Qd6 11. h3 e5 12. Nd2 b6 13. Nc4 Qc7 14. a4 Be6 15. Na3 Rad8 16. Bd2 Qd7 17. Kh2 Nd4 18. Bc3 Qxa4 19. Bxd4 exd4 20. Nc4 Qd7 21. b3 Rfe8 22. Ra6 Bxc4 23. bxc4 Rxe1 24.
Qxe1 Re8 25. Qd1 Re7 26. Bf3 h5 27. Kg2 Be5 28. h4 Bb8 29. Bd5 Qf5 30. Qd2 Kg7 31. Bf3 Qe5 32. Be4 f5 33. Bd5 Qe2 34. Qg5 f4 35. gxf4 Qg4+ 36. Qxg4 hxg4 37. Kg3 Re2 38. Ra2 Kf6 39. Bb7 Rd2 40. Bc8 Re2 41. Bxg4 Rd2 42.
Bf3 Rd1 43. Bxd1 1-0